 Dungeon Crawl Stone Soup version 0.28-a0-1084-ga282ea246d (webtiles) character file.

Game seed: 15380968290864738078

85202 MacCMillion the Convoker (level 15, 0/125 HPs)
             Began as a Merfolk Ice Elementalist on Dec 10, 2021.
             Was an Elder of Ashenzari.
             Shot with a bolt by a yaktaur captain (31 damage)
             ... on level 14 of the Dungeon on Dec 11, 2021.
             The game lasted 01:27:54 (29470 turns).

MacCMillion the Convoker (MfIE)                    Turns: 29470, Time: 01:27:54

Health: 0/125      AC:  4    Str: 11    XL:     15   Next: 83%
Magic:  18/34      EV: 17    Int: 24    God:    Ashenzari [****..]
Gold:   2395       SH:  6    Dex: 19    Spells: 12/44 levels left

rFire   + + .      SeeInvis +   r - +2 trident of Supernal Understanding {venom, Range, Comp} (curse)
rCold   . . .      Faith    .   B - +0 buckler {rN+}
rNeg    + . .      Spirit   .   a - +0 robe of the Cosmic Portent {Comp, Melee} (curse)
rPois   +          Reflect  .   q - +0 helmet of Ashenzari's Burden {rPois Int+4 Dex+5 Slay+6, Self, Melee} (curse)
rElec   .          Harm     .   D - scarf "Mantic Ennui" {+Inv, Comp, Range} (curse)
rCorr   .          Rampage  .   d - +0 pair of gloves of the Sibylline Moon {Alch, Elem} (curse)
Will    ++...      Clarity  +   (no boots)
Stlth   +++.......              b - amulet of magic regeneration
HPRegen 0.30/turn               v - ring "Nuneseth" {Wiz rF++}
MPRegen 0.64/turn               j - ring of the Cursed Oracle {Will+, Alch, Evo} (curse)

@: studying Polearms
A: (nimble swimmer 2), mertail
a: Renounce Religion, Evoke Invisibility, Curse Item, Shatter the Chains


You were on level 14 of the Dungeon.
You worshipped Ashenzari.
Ashenzari was greatly pleased with you.
You visited 2 branches of the dungeon, and saw 20 of its levels.
You also visited: Ossuary and Bailey.

You collected 2395 gold pieces.

Inventory:

Hand Weapons
 r - the cursed +2 trident of Supernal Understanding (weapon) {venom, Range, Comp}
   (You took it off a gnoll sergeant on level 5 of the Dungeon)

   It poisons the flesh of those it strikes.
   It has a curse which improves the following skills: Ranged Combat: Slings,
   Bows, Crossbows and Throwing.
   Companions: Summonings and Necromancy.
 P - a +2 antimagic demon trident
Missiles
 p - 2 datura-tipped darts
 T - 5 curare-tipped darts
 V - 2 throwing nets
Armour
 a - the cursed +0 robe of the Cosmic Portent (worn) {Comp, Melee}

   It has a curse which improves the following skills: Companions: Summonings
   and Necromancy.
   Melee Combat: Short Blades, Long Blades, Axes, Maces & Flails, Polearms,
   Staves and Unarmed Combat.
 d - the cursed +0 pair of gloves of the Sibylline Moon (worn) {Alch, Elem}
   (You found it on level 1 of the Dungeon)

   It has a curse which improves the following skills: Alchemy: Poison Magic and
   Transmutations.
   Elements:  Fire Magic, Ice Magic, Air Magic and Earth Magic.
 q - the cursed +0 helmet of Ashenzari's Burden (worn) {rPois Int+4 Dex+5 Slay+6, Self, Melee}
   (You found it on level 5 of the Dungeon)

   Int:       It affects your intelligence (+4).
   Dex:       It affects your dexterity (+5).
   Slay:      It affects your accuracy & damage with ranged weapons and melee
   (+6).
   rPois:     It protects you from poison.
   It has a curse which improves the following skills: Introspection: Fighting
   and Spellcasting.
   Melee Combat: Short Blades, Long Blades, Axes, Maces & Flails, Polearms,
   Staves and Unarmed Combat.
 w - a +2 pair of gloves of strength
 B - a +0 buckler of positive energy (worn)
 D - the cursed scarf "Mantic Ennui" (worn) {+Inv, Comp, Range}
   (You found it on level 8 of the Dungeon)

   It has a curse which improves the following skills: Companions: Summonings
   and Necromancy.
   Ranged Combat: Slings, Bows, Crossbows and Throwing.
Magical Staves
 G - a staff of cold
Jewellery
 b - an amulet of magic regeneration (around neck)
 j - the cursed ring of the Cursed Oracle (right hand) {Will+, Alch, Evo}
   (You found it on level 4 of the Dungeon)

   [ring of willpower]

   Will:      It increases your willpower.
   It has a curse which improves the following skills: Alchemy: Poison Magic and
   Transmutations.
   Evocations: Evocations.
 m - a +6 ring of intelligence
 o - a ring of flight
 v - the ring "Nuneseth" (left hand) {Wiz rF++}
   (You acquired it on level 6 of the Dungeon)

   [ring of wizardry]

   It improves your spell success rate.
   rF:        It greatly protects you from fire.
 K - a ring of willpower
 L - a ring of resist corrosion
 N - a ring of poison resistance
Wands
 e - a wand of digging (5)
 f - a wand of acid (9)
 R - a wand of flame (33)
 Z - a wand of paralysis (8)
Scrolls
 c - 8 scrolls of vulnerability
 g - a scroll of magic mapping
 h - 7 scrolls of teleportation
 i - 2 scrolls of enchant armour
 n - 7 scrolls of fear
 x - 2 scrolls of holy word
 y - 4 scrolls of enchant weapon
 C - a scroll of amnesia
 E - 3 scrolls of fog
 I - 2 scrolls of brand weapon
 Q - 3 scrolls of immolation
 S - 4 scrolls of blinking
 Y - a scroll of summoning
Potions
 k - 5 potions of mutation
 l - 3 potions of lignification
 s - 6 potions of invisibility
 t - 6 potions of resistance
 u - 14 potions of curing
 z - 5 potions of might
 A - 2 potions of heal wounds
 F - 5 potions of haste
 H - 2 potions of ambrosia
 M - 2 potions of magic
 O - a potion of cancellation
 U - 3 potions of berserk rage
 X - a potion of brilliance
Miscellaneous
 W - a lightning rod (4/4)


   Skills:
 + Level 11.4(13.6) Fighting
 - Level 8.5(12.1) Polearms
 - Level 2.7 Armour
 - Level 8.4 Dodging
 - Level 3.0 Stealth
 - Level 4.0 Shields
 - Level 12.7(15.0) Spellcasting
 - Level 5.0 Conjurations
 + Level 16.1(20.7) Summonings
 - Level 8.0(10.4) Ice Magic
 - Level 7.2(9.6) Evocations


You had 12 spell levels left.
You knew the following spells:

 Your Spells              Type           Power      Damage    Failure   Level
a - Freeze                Ice            100%       1d11      1%          1
b - Frozen Ramparts       Ice            100%       1d12      1%          3
c - Ozocubu's Armour      Ice            61%        N/A       1%          3
d - Summon Ice Beast      Ice/Summ       75%        N/A       1%          4
e - Summon Cactus Giant   Summ           43%        N/A       1%          6
f - Monstrous Menagerie   Summ           43%        N/A       1%          7
g - Mephitic Cloud        Conj/Pois/Air  27%        N/A       1%          3
h - Summon Mana Viper     Hex/Summ       61%        N/A       1%          5

Your spell library contained the following spells:

 Spells                   Type           Power      Damage    Failure   Level
 Call Imp                 Summ           87%        N/A       0%          2
 Call Canine Familiar     Summ           87%        N/A       0%          3
 Animate Skeleton         Necr           42%        N/A       1%          1
 Magic Dart               Conj           100%       1d8       1%          1
 Pain                     Necr           84%        1d8       1%          1
 Sandblast                Erth           38%        2d10      1%          1
 Ensorcelled Hibernation  Hex/Ice        86%        N/A       1%          2
 Passwall                 Tmut/Erth      15%        N/A       1%          2
 Sublimation of Blood     Necr           21%        N/A       1%          2
 Wereblood                Tmut           20%        N/A       1%          2
 Conjure Flame            Conj/Fire      30%        6-21      1%          3
 Stone Arrow              Conj/Erth      60%        3d10      1%          3
 Hailstorm                Conj/Ice       53%        3d12      1%          4
 Summon Lightning Spire   Summ/Air       62%        N/A       1%          4
 Summon Hydra             Summ           43%        N/A       1%          7
 Vampiric Draining        Necr           21%        2d7       2%          3
 Ignite Poison            Fire/Tmut/Pois 20%        N/A       3%          3
 Inner Flame              Hex/Fire       18%        N/A       3%          3
 Spider Form              Tmut/Pois      20%        N/A       3%          3
 Gell's Gravitas          Tloc           18%        N/A       4%          3
 Lesser Beckoning         Tloc           18%        N/A       4%          3
 Portal Projectile        Hex/Tloc       36%        N/A       4%          3
 Teleport Other           Tloc           18%        N/A       4%          3
 Sticky Flame             Conj/Fire      30%        2d5       4%          4
 Airstrike                Air            9%         N/A       12%         4
 Cause Fear               Hex            9%         N/A       12%         4
 Fireball                 Conj/Fire      15%        3d8       12%         5
 Lightning Bolt           Conj/Air       15%        1d29      12%         5
 Agony                    Necr           21%        N/A       26%         5
 Excruciating Wounds      Necr           10%        N/A       26%         5
 Blade Hands              Tmut           10%        N/A       28%         5
 Starburst                Conj/Fire      15%        6d6       52%         6
 Discord                  Hex            9%         N/A       100%        8
 Ignition                 Fire           9%         3d5       100%        8


Dungeon Overview and Level Annotations

Branches:
Dungeon (14/15)            Temple (0/1) D:5            Lair (6/6) D:11
 Shoals (0/4) Lair:4        Snake (0/4) Lair:3        Slime (0/5) Lair:6
    Orc (0/2) D:9         Ossuary (visited)          Bailey (visited)
 Vaults: D:13-14

Altars:
Ashenzari
Nemelex Xobeh
Qazlal
Sif Muna
Uskayaw
Xom
Yredelemnul
Zin

Shops:
D:1 *   D:6 (

Annotations:
D:3 1 runed translucent door, Glokmah's ghost, weakling DsGl
D:6 Maggie
D:14 2 transporters, Tioph's ghost, journeyman DEFE


Innate Abilities, Weirdness & Mutations

((You are quick and stealthy near water. (Stealth+, EV+, Speed+++)))
Your lower body shifts to a powerful aquatic tail in water.


Message History

Unknown command.
Your cactus giant disappears in a puff of smoke!
Found a transporter.
Found a transporter.
A yaktaur captain comes into view. It is wielding a +4 short sword.
The yaktaur captain shouts!
The yaktaur captain unwields a +4 short sword.
The yaktaur captain wields a +1 arbalest of freezing.
It is covered in frost.
The yaktaur captain shoots a bolt.
The bolt misses you.
The yaktaur captain shoots a bolt.
The bolt hits you!!! The bolt freezes you!!
The yaktaur captain unwields a +1 arbalest of freezing.
The yaktaur captain wields a +4 short sword.
The yaktaur captain hits you with a +4 short sword!!
* * * LOW HITPOINT WARNING * * *
Casting: Monstrous Menagerie (mildly dangerous; 1% risk of failure)
Confirm with . or Enter, or press ? or * to list all spells.
Unknown command.
Tioph's ghost turns its malevolent gaze towards you.
The basilisk hisses angrily.
The yaktaur captain unwields a +4 short sword.
The yaktaur captain wields a +1 arbalest of freezing.
It is covered in frost.
The yaktaur captain shoots a bolt.
The bolt hits your sphinx!!! The bolt freezes your sphinx.
Your sphinx hits the yaktaur captain. Your sphinx hits the yaktaur captain!
The yaktaur captain blocks your sphinx's attack.
The yaktaur captain blocks your cactus giant's attack.
Unknown command.
Casting: Summon Cactus Giant (safe; 1% risk of failure)
Confirm with . or Enter, or press ? or * to list all spells.
You summon a lindwurm!
The yaktaur captain shoots a bolt.
The bolt hits your sphinx!!! The bolt freezes your sphinx!
Your sphinx dies!
Your sphinx's corpse disappears in a puff of smoke!
Unknown command.
Unknown command.
Casting: Monstrous Menagerie (mildly dangerous; 1% risk of failure)
Confirm with . or Enter, or press ? or * to list all spells.
Your cactus giant disappears in a puff of smoke!
The yaktaur captain shoots a bolt.
The bolt hits you!!
You die...

* * **.....##!..##.... *
######.... #.###(##...
#........ #.......##..
#....... #8≈. ≈≈8##.
#......##.W#. #.#.≈##
*.....##....#*,# ...l#
#.§c#.#≈.## #...#z
#..§#©#.≈#.,, #.C#c
##.@#.#..## *#.W#t
##k.##l...# , ..RQ#
###.C##Q.#.#* #≈W##
####..##8.≈. .≈≈ ##.
####...##..≈....##..
####..#..##Q###.##...
##...##...##uc.##....
####..####....#####.....
#......####.............


You could see a yaktaur captain (ally target), a tengu warrior, a basilisk,
Tioph's ghost, a friendly lindwurm (summoned) and a friendly cactus giant
(summoned).

Vanquished Creatures
  A fire dragon (D:14)
  A great orb of eyes (D:12)
  3 boulder beetles
  A catoblepas (Lair:5)
  2 hydras
  5 centaur warriors
  Nergalle (D:12)
  An orc knight (Bailey)
  5 ugly things (D:14)
  A deep elf pyromancer (D:12)
  A wolf spider (Lair:3)
  6 cyclopes
  A black mamba (Lair:6)
  A guardian serpent (Lair:3)
  A torpor snail (Lair:6)
  2 cane toads (Lair:5)
  A freezing wraith (D:12)
  A yaktaur (shapeshifter) (D:13)
  2 unseen horrors
  A komodo dragon (Lair:3)
  A meliai (D:14)
  A polar bear (Lair:6)
  A troll (D:9)
  A tyrant leech (D:10)
  8 blink frogs
  A slime creature (D:12)
  Sigmund (D:3)
  A basilisk (Lair:2)
  12 yaks
  Grum (D:11)
  2 vampire mosquitoes (D:14)
  2 swamp worms (D:10)
  6 water moccasins
  An ice beast (D:6)
  An orc warrior (D:10)
  A sky beast (D:5)
  A necrophage (D:6)
  2 ogres
  7 centaurs
  3 phantoms
  2 kobold brigands
  9 bullfrogs
  3 scorpions (D:4)
  A gnoll sergeant (D:5)
  3 wyvern zombies
  4 water moccasin zombies (Ossuary)
  2 wights
  8 howler monkeys
  4 electric eels (D:10)
  A bullfrog zombie (D:5)
  A centaur zombie (D:9)
  2 bullfrog skeletons (D:5)
  4 hounds
  5 orc priests
  2 centaur skeletons
  A gnoll shaman (D:4)
  A jelly (D:6)
  3 iguanas
  6 orc wizards
  6 ogre zombies (D:9)
  2 hound skeletons
  2 mummies (Ossuary)
  Robin (D:2)
  16 gnolls
  A howler monkey skeleton (D:5)
  14 adders
  2 shadow imps
  3 white imps
  An ufetubus (D:5)
  6 adder zombies (Ossuary)
  An adder skeleton (D:2)
  3 worms
  A dart slug (D:2)
  31 orcs
  5 ball pythons
  4 endoplasms
  2 giant cockroaches (D:4)
  6 gnoll zombies (Ossuary)
  18 hobgoblins
  18 kobolds
  4 bats
  4 frilled lizards
  24 goblins
  A goblin skeleton (D:9)
  4 goblin zombies (D:9)
  7 hobgoblin zombies
  2 kobold zombies (Ossuary)
  2 orc skeletons (D:9)
  11 orc zombies
  A rat (D:3)
357 creatures vanquished.

Vanquished Creatures (collateral kills)
  A fire dragon (D:13)
  Josephine (D:11)
  6 hydras
  3 boulder beetles
  An ogre mage (D:12)
  6 centaur warriors
  4 catoblepae (Lair:6)
  A death knight (D:14)
  6 two-headed ogres
  5 death yaks (Lair:6)
  2 tengu warriors
  A flayed ghost (D:14)
  A phantasmal warrior (D:12)
  A wolf spider (D:14)
  5 deep elf pyromancers
  4 manticores
  4 ugly things
  An oklob plant (Lair:5)
  8 cyclopes
  A black mamba (Lair:2)
  3 gargoyles
  5 cane toads
  An unseen horror (D:10)
  3 kobold demonologists
  An efreet (D:14)
  A yaktaur (D:12)
  2 freezing wraiths
  A tengu conjurer (D:14)
  8 komodo dragons
  A yaktaur (shapeshifter) (D:14)
  2 polar bears
  9 trolls
  A jumping spider (shapeshifter) (D:14)
  3 meliai (D:14)
  A queen bee (shapeshifter) (D:14)
  10 blink frogs
  A meliai (shapeshifter) (D:14)
  7 slime creatures
  A centaur simulacrum (D:12)
  A vampire (D:12)
  A shadow (D:12)
  2 wyverns
  8 wraiths
  A tarantella (shapeshifter) (D:14)
  45 yaks
  2 basilisks
  6 fire bats (D:13)
  7 vampire mosquitoes
  12 water moccasins
  A black bear (shapeshifter) (D:14)
  An orc warrior (D:10)
  4 wolves (D:11)
  4 centaurs
  A gnoll sergeant (D:11)
  4 bullfrogs
  5 howler monkeys
  2 orc priests
  3 orc wizards
  5 adders (Lair:3)
  6 gnolls
  6 orcs
  A goblin (D:10)
  A hobgoblin (Bailey)
252 creatures vanquished.

Vanquished Creatures (others)
  A centaur warrior (D:14)
  An ugly thing (D:14)
  29 fungi
  59 plants
90 creatures vanquished.

Grand Total: 699 creatures vanquished

Notes
Turn   | Place    | Note
-------+----------+-------------------------------------------
     0 | D:1      | MacCMillion the Merfolk Ice Elementalist began the quest
                  | for the Orb.
     0 | D:1      | Reached XP level 1. HP: 13/13 MP: 3/3
   208 | D:1      | Reached XP level 2. HP: 12/19 MP: 0/5
   456 | D:1      | Found Joaf's General Store.
   917 | D:2      | Found a faded altar of an unknown god.
   935 | D:2      | Prayed at the altar of an unknown god.
   935 | D:2      | Became a worshipper of Ashenzari the Shackled
   990 | D:2      | Reached XP level 3. HP: 21/24 MP: 6/6
   994 | D:2      | Learned a level 3 spell: Frozen Ramparts
  1264 | D:2      | Reached skill level 5 in Ice Magic
  1528 | D:2      | Noticed Robin
  1544 | D:2      | Found a sparkling altar of Nemelex Xobeh.
  1646 | D:2      | Killed Robin
  1647 | D:2      | Reached XP level 4. HP: 30/30 MP: 2/7
  1885 | D:2      | Reached * piety under Ashenzari
  2346 | D:3      | Learned a level 3 spell: Ozocubu's Armour
  2404 | D:3      | Found a broken altar of Ashenzari.
  2573 | D:3      | Reached ** piety under Ashenzari
  2839 | D:3      | Noticed Glokmah's ghost (weakling DsGl)
  2849 | D:3      | Found a runed translucent door.
  2863 | D:3      | Reached skill level 1 in Fighting
  3056 | D:3      | Reached XP level 5. HP: 40/40 MP: 4/9
  3216 | D:3      | Noticed Sigmund
  3224 | D:3      | Killed Sigmund
  3225 | D:3      | Reached XP level 6. HP: 39/51 MP: 3/10
  3687 | D:4      | Reached skill level 5 in Dodging
  3694 | D:4      | Reached XP level 7. HP: 35/56 MP: 4/11
  4693 | D:5      | Entered Level 5 of the Dungeon
  4956 | D:5      | Reached XP level 8. HP: 61/64 MP: 12/12
  5196 | D:5      | Reached skill level 1 in Conjurations
  5270 | D:5      | Identified the +0 helmet of Proximity {rPois Int+4 Dex+5
                  | Slay+6}
  5767 | D:5      | Found a staircase to the Ecumenical Temple.
  5848 | D:5      | Reached skill level 5 in Fighting
  6268 | D:6      | Found Mason's Antique Weapon Boutique.
  6273 | D:6      | Identified a scroll of acquirement
  6344 | D:6      | Acquired the ring "Nuneseth" {Wiz rF++}
  6410 | D:6      | Noticed Maggie
  6555 | D:6      | Reached *** piety under Ashenzari
  6622 | D:6      | Reached XP level 9. HP: 63/72 MP: 11/14
  6677 | D:6      | Found a shimmering blue altar of Sif Muna.
  7242 | D:7      | Reached skill level 5 in Conjurations
  7250 | D:7      | Found a sand-covered staircase.
  7291 | Ossuary  | Entered an ossuary
  7389 | Ossuary  | Learned a level 4 spell: Summon Ice Beast
  7578 | Ossuary  | Reached skill level 1 in Summonings
  7727 | D:7      | Reached skill level 2 in Summonings
  7857 | D:7      | Reached skill level 3 in Summonings
  8287 | D:8      | Reached **** piety under Ashenzari
  8447 | D:8      | Reached skill level 4 in Summonings
  8447 | D:8      | Reached XP level 10. HP: 56/85 MP: 7/15
  8713 | D:8      | Reached skill level 5 in Summonings
  8787 | D:8      | Noticed a +0 dagger
  8787 | D:8      | Noticed a +0 dagger
  8789 | D:8      | Found a hide-covered altar of Uskayaw.
  8840 | D:8      | Found a shimmering altar of Xom.
  9040 | D:9      | Noticed a five-headed hydra
  9048 | D:9      | Noticed a kobold demonologist
  9141 | D:9      | Killed a five-headed hydra
  9142 | D:9      | Reached skill level 6 in Summonings
  9220 | D:9      | Killed a kobold demonologist
  9221 | D:9      | Reached skill level 7 in Summonings
  9504 | D:9      | Found a staircase to the Orcish Mines.
  9864 | D:9      | Found a basalt altar of Yredelemnul.
 10210 | D:10     | Entered Level 10 of the Dungeon
 10223 | D:10     | Reached skill level 8 in Summonings
 10311 | D:10     | Found a flagged portal.
 10318 | D:10     | Noticed a two-headed ogre
 10323 | Bailey   | Entered a bailey
 10655 | Bailey   | Noticed an orc knight
 10666 | Bailey   | Killed an orc knight
 10667 | Bailey   | Reached skill level 9 in Summonings
 10868 | D:10     | Killed a two-headed ogre
 10869 | D:10     | Reached XP level 11. HP: 63/91 MP: 14/18
 11604 | D:10     | Identified the Incunabulum of the Entourage
 11614 | D:10     | Reached skill level 10 in Summonings
 11735 | D:10     | Learned a level 6 spell: Summon Cactus Giant
 11860 | D:10     | Reached skill level 11 in Summonings
 12194 | D:11     | Noticed a four-headed hydra
 12230 | D:11     | Killed a four-headed hydra
 12288 | D:11     | Noticed Grum
 12295 | D:11     | Killed Grum
 12522 | D:11     | Found a staircase to the Lair.
 12604 | D:11     | Noticed Josephine
 13015 | D:11     | Noticed a cyclops
 13076 | D:11     | Reached skill level 12 in Summonings
 13139 | D:11     | Killed a cyclops
 13463 | D:11     | Killed Josephine
 13464 | D:11     | Reached skill level 13 in Summonings
 13470 | D:11     | Reached XP level 12. HP: 80/97 MP: 2/21
 14108 | Lair:1   | Entered Level 1 of the Lair of Beasts
 14545 | Lair:1   | Reached skill level 1 in Polearms
 14821 | Lair:2   | Found a stormy altar of Qazlal.
 15579 | Lair:2   | Noticed a four-headed hydra
 15597 | Lair:2   | Killed a four-headed hydra
 15598 | Lair:2   | Reached skill level 14 in Summonings
 15748 | Lair:2   | Reached skill level 5 in Polearms
 16383 | Lair:3   | Found a staircase to the Snake Pit.
 16536 | Lair:3   | Reached ***** piety under Ashenzari
 16563 | Lair:3   | Noticed a seven-headed hydra
 16913 | Lair:2   | Acquired 893 gold pieces
 16914 | Lair:2   | Acquired a +2 antimagic demon trident
 17061 | Lair:3   | Killed a seven-headed hydra
 17460 | Lair:4   | Found a staircase to the Shoals.
 17597 | Lair:4   | Identified the +5 mace "Tievit" {freeze, rC+ rN+ Dex+6
                  | SInv}
 17636 | Lair:4   | Learned a level 7 spell: Monstrous Menagerie
 17974 | Lair:4   | Reached skill level 1 in Shields
 18961 | Lair:5   | Noticed a catoblepas
 18972 | Lair:5   | Killed a catoblepas
 18979 | Lair:5   | Reached XP level 13. HP: 109/111 MP: 5/24
 19257 | Lair:5   | Found a stormy altar of Qazlal.
 19381 | Lair:5   | Reached skill level 10 in Fighting
 19904 | Lair:6   | Entered Level 6 of the Lair of Beasts
 20079 | Lair:6   | Reached skill level 1 in Evocations
 20229 | Lair:6   | Reached skill level 1 in Armour
 20606 | Lair:6   | Reached skill level 5 in Spellcasting
 20813 | Lair:6   | Reached skill level 5 in Evocations
 21194 | Lair:6   | Identified the +1 plate armour "Joawid" {Str+4}
 21440 | Lair:6   | Reached XP level 14. HP: 123/123 MP: 1/28
 21703 | Lair:6   | Found a staircase to the Slime Pits.
 22939 | D:12     | Noticed Nergalle
 22949 | D:12     | Killed Nergalle
 23146 | D:12     | Found a runed translucent door.
 23147 | D:12     | Found a runed translucent door.
 23150 | D:12     | Found a runed translucent door.
 23154 | D:12     | Found a runed translucent door.
 23298 | D:12     | HP: 2/118 [boulder beetle (59)]
 24580 | D:12     | Reached skill level 10 in Spellcasting
 24697 | D:12     | Identified the +7 chain mail of Fiffuk {Str+4}
 26598 | D:13     | Found the +7 great mace "Firestarter" {inner flame, rF++}
 26748 | D:13     | Reached XP level 15. HP: 109/123 MP: 30/32
 27621 | D:14     | Noticed Tioph's ghost (journeyman DEFE)
 28116 | D:14     | Reached skill level 15 in Summonings
 28215 | D:14     | Learned a level 3 spell: Mephitic Cloud
 28221 | D:14     | Learned a level 5 spell: Summon Mana Viper
 29103 | D:14     | Identified the ring "Rael" {rC+ rN+ Slay-5 SInv}
 29105 | D:14     | Identified the ring of Ficwoamu {rF- rC+ rCorr SInv}
 29105 | D:14     | Noticed a fenstrider witch
 29128 | D:14     | Reached skill level 16 in Summonings
 29160 | D:14     | a fenstrider witch changed into an alligator snapping
                  | turtle
 29179 | D:14     | Found a hide-covered altar of Uskayaw.
 29339 | D:14     | Found a glowing silver altar of Zin.
 29459 | D:14     | Found a transporter.
 29460 | D:14     | Found a transporter.
 29470 | D:14     | Shot with a bolt by a yaktaur captain

Illustrated notes

Levels and vault maps discovered:
D:1:      co_arrival_square_in_a_square_in_a_square, layout_loops_ring,
          serial_shops, shop
D:2:      layout_loops_ring, serial_co_window_serial, co_window_paths_a,
          co_window_paths_b, co_window_paths_a, co_window_paths_a,
          co_window_paths_b, co_window_paths_a, co_window_corner_a,
          co_window_cross_1, co_window_paths_a, co_window_2corner,
          co_window_2corner, co_window_of_opportunity_c, co_window_corner_ca,
          co_window_sun, basic_altar, hellmonk_ecumenical_altar_lost_god,
          uniq_robin
D:3:      layout_basic, evilmike_ruin_ashenzari, hellmonk_ghost_happy_afterlife,
          uniq_sigmund
D:4:      layout_cave_pools
D:5:      minmay_razor_zed, layout_basic, minmay_temple_entry_junction,
          minmay_ogre_servants
D:6:      layout_cave_pods, mainiacjoe_overflow_chevrons, serial_shops,
          nicolae_shop_stone, uniq_maggie
D:7:      nicolae_whirlpool, layout_rooms, enter_ossuary_2
D:8:      layout_rooms, xom_butterflies, dancing_weapons_uskayaw
D:9:      layout_roguey, marbit_many_paths, lightli_temple_of_fire,
          zombieorc1_lemuel, lightli_fourway_metalbox
D:10:     layout_gridville, enter_bailey_5, serial_bayou_ford_a, worms_lemuel
D:11:     layout_stronghold, lair_entry_dummy, st_stairs_13, uniq_grum,
          uniq_josephine
D:12:     minmay_the_grid_triangle_9x9_line_8_mashed
          [minmay_the_grid_triangle_9x9_shrine,
          minmay_the_grid_triangle_9x9_subtriangle,
          minmay_the_grid_triangle_9x9_fully_insulated_deathbox,
          minmay_the_grid_triangle_9x9_steps,
          minmay_the_grid_triangle_9x9_from_above,
          minmay_the_grid_triangle_9x9_dagger,
          minmay_the_grid_triangle_9x9_checkered,
          minmay_the_grid_triangle_9x9_prize_schism], layout_loops_cross,
          uniq_nergalle
D:13:     minmay_firetagon, layout_loops_cross, grunt_ministairs_8
D:14:     minmay_nested_s, layout_rooms, david_vaults_5,
          chequers_serial_rivers_marsh, nzn_ghost_randoct,
          hangedman_feature_mirror, minmay_misc_feat_iff
Lair:1:   layout_cave_shapes, st_stairs_5
Lair:2:   layout_cave_pods, basic_altar
Lair:3:   minmay_lair_venomous_thicket, layout_loops_ring,
          minmay_snake_entry_spellcaster, chequers_serial_rivers_small_b,
          minmay_lindwurm_lava, lemuel_fruit_tree, lemuel_fruit_fields
Lair:4:   layout_regular_city, elwin_shoals_entry_rocks, grunt_megastairs_4,
          infiniplex_staircase_pool_2
Lair:5:   layout_roguey, nicolae_quartered_pool_super, lemuel_oklob_altar,
          grunt_megastairs_3
Lair:6:   evilmike_catoblepas_cave, layout_gridlike, slime_dummy

Skill      XL: |  1  2  3  4  5  6  7  8  9 10 11 12 13 14 15 |
---------------+----------------------------------------------+-----
Stealth        | 3 |  3.0
Ice Magic      | 5 6 7 8 |  8.0
Fighting       | 1 4 5 7 9 10 11 | 11.4
Dodging        | 3 6 8 |  8.4
Conjurations   | 3 5 |  5.0
Summonings     | 4 9 13 14 16 | 16.1
Spellcasting   | 3 6 11 12 | 12.7
Polearms       | 8 |  8.5
Shields        | 4 |  4.0
Evocations     | 6 7 |  7.2
Armour         | 2 |  2.7

Action                   |  1- 3 |  4- 6 |  7- 9 | 10-12 | 13-15 || total
-------------------------+-------+-------+-------+-------+-------++-------
Melee: Unarmed           |     7 |       |       |       |       ||     7
       Dagger            |    13 |    66 |   396 |   189 |       ||   664
       Punch             |       |       |       |     2 |     2 ||     4
       Trident           |       |       |       |   155 |   318 ||   473
       Tailslap          |       |       |       |     2 |       ||     2
 Cast: Freeze            |    26 |     9 |    34 |     4 |       ||    73
       Frozen Ramparts   |     1 |     7 |    18 |    22 |     2 ||    50
       Ozocubu's Armour  |       |     2 |    19 |    17 |       ||    38
       Summon Ice Beast  |       |       |       |    31 |     2 ||    33
       Summon Cactus Gia |       |       |       |    50 |    93 ||   143
       Monstrous Menager |       |       |       |    10 |   106 ||   116
       Summon Mana Viper |       |       |       |       |     3 ||     3
Invok: Curse Item        |     1 |     2 |     3 |     3 |       ||     9
       Shatter the Chain |       |       |       |     1 |     2 ||     3
  Use: Potion            |       |     1 |       |       |     2 ||     3
       Scroll            |       |       |     1 |     2 |     4 ||     7
 Stab: Sleeping          |     3 |     1 |     6 |     6 |     1 ||    17
       Distracted        |       |       |       |     2 |     8 ||    10
       Paralysed         |       |       |       |       |     1 ||     1
Armor: Robe              |    14 |    19 |    95 |    44 |    23 ||   195
Dodge: Dodged            |    26 |    49 |   326 |   324 |   153 ||   878
Block: Buckler           |       |       |       |       |    14 ||    14

Table legend: (Time is in decaauts)
 A = Elapsed time spent in this place.
 B = Non-inter-level travel time spent in this place.
 C = Inter-level travel time spent in this place.
 D = Time resting spent in this place.
 E = Time spent auto-exploring this place.
 F = Levels seen in this place.
 G = Mean time per level.
                   A        B        C        D        E       F      G
               +--------+--------+--------+--------+--------+-----+--------+
         Total |  29279 |  28371 |    908 |   3584 |  19743 |  22 | 1330.9 |
       Dungeon |  20306 |  19612 |    694 |   2959 |  12947 |  14 | 1450.4 |
          Lair |   8072 |   7858 |    214 |    422 |   6483 |   6 | 1345.3 |
       Ossuary |    364 |    364 |      0 |    121 |     24 |   1 |  364.0 |
        Bailey |    535 |    535 |      0 |     82 |    288 |   1 |  535.0 |
               +--------+--------+--------+--------+--------+-----+--------+

Top non-repeatable levels by time:
    D:12: 3628 daAuts
  Lair:6: 2235 daAuts
    D:11: 2031 daAuts
    D:14: 1862 daAuts
  Lair:2: 1679 daAuts
  Lair:4: 1558 daAuts
    D:13: 1547 daAuts
     D:5: 1546 daAuts
     D:2: 1494 daAuts
    D:10: 1414 daAuts
     D:3: 1318 daAuts
     D:4: 1040 daAuts
     D:8: 1038 daAuts
  Lair:3: 956 daAuts
  Lair:5: 951 daAuts
